 Dungeon Crawl Stone Soup version 0.18.1-48-g4cf74bf (webtiles) character file.

726 Lennu the Firebug (level 7, -1/36 HPs)
             Began as a Gargoyle Fire Elementalist on July 1, 2016.
             Was an Initiate of Qazlal.
             Killed from afar by an orc wizard (10 damage)
             ... with a puff of frost
             ... on level 5 of the Dungeon.
             The game lasted 00:23:28 (7115 turns).

Lennu the Firebug (Gargoyle Fire Elementalist)      Turns: 7115, Time: 00:23:28

Health: -1/36      AC: 12    Str: 11 (12) XL:     7   Next: 72%
Magic:  2/10       EV: 12    Int: 18 (19) God:    Qazlal [......]
Gold:   278        SH:  0    Dex:  9 (12) Spells: 1 memorised, 11 levels left

rFire  . . .     SeeInvis .     o - +0 mace (crush)
rCold  . . .     Gourm    .     p - +1 leather armour (curse)
rNeg   + . .     Faith    .     (no shield)
rPois  ∞         Spirit   .     (helmet restricted)
rElec  +         Dismiss  .     (no cloak)
rCorr  .         Reflect  .     (no gloves)
SustAt .         Harm     .     f - +2 pair of boots {Fly}
MR     .....                    (no amulet)
Stlth  ++........               (no ring)
                                (no ring)

@: flying, very slightly contaminated, not resistant to hostile enchantments,
unstealthy
A: horns 2, agile 1, clever 1, frail 1, low mp 1, negative energy resistance 1,
electricity resistance, unbreathing, petrification resistance, rot immunity, AC
+4
a: Renounce Religion, Stop Flying


You were on level 5 of the Dungeon.
You worshipped Qazlal.
Qazlal was noncommittal.
You were not hungry.

You visited 2 branches of the dungeon, and saw 6 of its levels.

You collected 278 gold pieces.

Inventory:

Hand Weapons
 i - a +0 club
 n - a +0 flail
 o - a +0 mace of crushing (weapon)
Armour
 a - a +0 robe
 f - a +2 pair of boots of flying (worn)
 g - a +0 helmet
 m - a +0 pair of boots
 p - a cursed +1 leather armour (worn)
Wands
 q - a wand of lightning (9/15)
Scrolls
 d - 5 scrolls of identify
 e - a scroll of magic mapping {unknown}
 h - 3 scrolls of fog
 x - 2 scrolls of teleportation
Potions
 k - a potion of magic
 r - a potion of brilliance
 v - 2 potions of curing
Books
 b - a book of Flames

   Spells                             Type                      Level
   a - Flame Tongue                   Conjuration/Fire             1
   b - Throw Flame                    Conjuration/Fire             2
   c - Conjure Flame                  Conjuration/Fire             3
   d - Inner Flame                    Hexes/Fire                   3
   e - Sticky Flame                   Conjuration/Fire             4
   f - Fireball                       Conjuration/Fire             5
 l - a book of the Earth

   Spells                             Type                      Level
   a - Leda's Liquefaction            Hexes/Earth                  4
   b - Bolt of Magma                  Conjuration/Fire/Earth       5
   c - Statue Form                    Transmutation/Earth          6
   d - Iron Shot                      Conjuration/Earth            6
   e - Shatter                        Earth                        9
 s - a Fen Folio

   Spells                             Type                      Level
   a - Corpse Rot                     Necromancy                   2
   b - Stone Arrow                    Conjuration/Earth            3
   c - Leda's Liquefaction            Hexes/Earth                  4
   d - Summon Forest                  Summoning/Translocation      5
   e - Hydra Form                     Transmutation                6
   f - Summon Hydra                   Summoning                    7
Comestibles
 c - 5 bread rations
 j - a meat ration
 u - 6 fruits


   Skills:
 * Level 3.1 Fighting
 + Level 0.8 Maces & Flails
 * Level 2.8 Armour
 * Level 3.3 Dodging
 - Level 2.2 Stealth
 + Level 3.2 Spellcasting
 + Level 3.0 Conjurations
 * Level 5.2 Fire Magic


You had 11 spell levels left.
You knew the following spells:

 Your Spells              Type           Power        Failure   Level  Hunger
a - Flame Tongue          Conj/Fire      ###..        4%          1    None


Dungeon Overview and Level Annotations

Branches:
Dungeon (5/15)             Temple (1/1) D:5

Altars:
Ashenzari
Dithmenos
Fedhas
Nemelex Xobeh
Pakellas
Qazlal
Trog
Vehumet
Xom
Yredelemnul
Zin
The Shining One


Innate Abilities, Weirdness & Mutations

You are resistant to torment.
Your stone body is resilient (AC +4).
You are immune to poison.
You resist negative energy.
You are resistant to electric shocks.
You can survive without breathing.
You are immune to petrification.
You are immune to rotting.
You have a pair of horns on your head.
You are agile. (Dex +2)
Your mind is acute. (Int +2)
You are frail (-10% HP).
Your magical capacity is low (-10% MP).


Message History

The orc shouts!
The orc priest invokes the aid of Beogh against you.
Beogh smites you!
* * * LOW HITPOINT WARNING * * *
The phantom hits you.
* * * LOW HITPOINT WARNING * * *
The phantom blinks!
An ogre comes into view. It is wielding a giant spiked club.
The ogre shouts!
The orc throws a tomahawk.
The tomahawk closely misses you.
Things that are here:
a tomahawk; a potion of degeneration The orc wizard casts a spell.
The orc wizard seems to speed up.
The orc throws a tomahawk.
The tomahawk closely misses you. The orc wizard barely misses you.
You see here a flail.
The orc wizard points at you and mumbles some strange words.
The puff of frost hits you!
You die...

###########
###.........##
.....###.###.######
.>...((..# #..o)..#
.....#O#.###.###@.#
... ##(##..<## #..#
. ##(..##..#
#..###########
##..o..##.#
#............#####
#.#..?....#.#
#...####..........
.....oo.....#
#...## #.###.#####
..#.......###
##..#.###.# #.#
.###.....##
#..###....###.# #
##...##
#..........##.#


You could see an orc wizard.

Vanquished Creatures
  An orc warrior (D:5)
  2 ogres
  A crimson imp (D:5)
  A hound (D:5)
  2 orc priests
  Natasha (thrice) (D:2)
  A worker ant (D:5)
  Ijyb (D:3)
  3 gnolls (D:3)
  9 adders
  An adder zombie (D:4)
  An adder skeleton (D:5)
  A worm (D:3)
  4 dart slugs
  5 giant geckos
  9 orcs
  A ball python (D:1)
  2 giant cockroaches
  9 hobgoblins
  15 jackals
  6 bats
  9 giant newts
  8 goblins
  6 kobolds
  7 rats
108 creatures vanquished.

Notes
Turn   | Place    | Note
--------------------------------------------------------------
     0 | D:1      | Lennu the Gargoyle Fire Elementalist began the quest for the Orb.
     0 | D:1      | Reached XP level 1. HP: 10/10 MP: 3/3
   527 | D:1      | Reached XP level 2. HP: 16/16 MP: 1/5
   973 | D:1      | Reached skill level 1 in Fighting
  1518 | D:2      | Reached XP level 3. HP: 14/20 MP: 0/6
  1848 | D:2      | Found a shattered altar of Ashenzari.
  1914 | D:2      | Reached skill level 1 in Armour
  2027 | D:2      | Noticed Natasha
  2032 | D:2      | Killed Natasha
  2032 | D:2      | Reached XP level 4. HP: 25/25 MP: 3/7
  2354 | D:2      | Found a blossoming altar of Fedhas.
  2354 | D:2      | Found a radiant altar of Vehumet.
  2411 | D:2      | Noticed Natasha
  2425 | D:2      | Gained mutation: You have a pair of small horns on your head. [potion of mutation]
  2425 | D:2      | Gained mutation: You are agile. (Dex +2) [potion of mutation]
  2425 | D:2      | Gained mutation: Your mind is acute. (Int +2) [potion of mutation]
  2430 | D:2      | HP: 1/25 [shadow imp[Natasha] (3)]
  2431 | D:2      | Killed Natasha
  2712 | D:2      | Noticed Natasha
  2715 | D:2      | Killed Natasha
  2715 | D:2      | Reached XP level 5. HP: 22/29 MP: 3/8
  2912 | D:2      | Found a glowing golden altar of the Shining One.
  3396 | D:3      | Reached skill level 4 in Fire Magic
  3403 | D:3      | Found a faded altar to an unknown god.
  3768 | D:3      | Reached XP level 6. HP: 35/35 MP: 5/10
  4338 | D:3      | Gained mutation: Your magical capacity is low (-10% MP). [potion of mutation]
  4338 | D:3      | Gained mutation: You are frail (-10% HP). [potion of mutation]
  4338 | D:3      | Gained mutation: You have a pair of horns on your head. [potion of mutation]
  4786 | D:3      | Noticed Ijyb
  4829 | D:3      | Killed Ijyb
  6137 | D:5      | Entered Level 5 of the Dungeon
  6147 | D:5      | Reached XP level 7. HP: 15/36 MP: 0/10
  6474 | D:5      | Reached skill level 5 in Fire Magic
  6679 | D:5      | Found a bloodstained altar of Trog.
  6853 | D:5      | Found a staircase to the Ecumenical Temple.
  6870 | Temple   | Entered the Ecumenical Temple
  7077 | D:5      | Found a stormy altar of Qazlal.
  7093 | D:5      | Became a worshipper of Qazlal Stormbringer
  7115 | D:5      | Killed from afar by an orc wizard

Skill      XL: |  1  2  3  4  5  6  7 |
---------------+----------------------+-----
Fighting       | 1 2 3 |  3.1
Dodging        | 2 3 |  3.3
Armour         | 1 2 |  2.8
Fire Magic     | 4 5 |  5.2
Conjurations   | 2 3 |  3.0
Spellcasting   | 3 |  3.2
Maces & Flails | |  0.8
Stealth        | |  2.2

Action                   |  1- 3 |  4- 6 |  7- 9 || total
-------------------------+-------+-------+-------++-------
Melee: Unarmed           |     2 |    23 |       ||    25
       Dagger            |     1 |       |       ||     1
       Club              |    42 |    22 |       ||    64
       Spear             |     4 |       |       ||     4
       Flail             |       |     7 |       ||     7
       Mace              |       |    44 |    26 ||    70
       Headbutt          |       |     5 |     1 ||     6
 Cast: Flame Tongue      |    55 |   144 |    30 ||   229
  Use: Scroll            |       |     4 |       ||     4
       Potion            |       |    10 |     2 ||    12
 Stab: Sleeping          |     1 |     1 |       ||     2
  Eat: Chunk             |     4 |    14 |     2 ||    20
       Meat ration       |       |       |     1 ||     1
Armor: Robe              |    37 |    14 |       ||    51
       Leather armour    |       |    35 |    16 ||    51
       Skin              |       |     9 |       ||     9
Dodge: Dodged            |    61 |    88 |    27 ||   176
